 Dungeon Crawl Stone Soup version 0.29.0 (webtiles) character file.

Game seed: 18149749633459681039

35245 jagoly the Fighter (level 13, -13/111 HPs)
             Began as an Octopode Transmuter on Sept 11, 2022.
             Was the Champion of Uskayaw.
             Mangled by an orc warrior
             ... wielding a +0 trident
              (20 damage)
             ... on level 2 of the Orcish Mines.
             The game lasted 02:20:43 (19689 turns).

jagoly the Fighter (Octopode Transmuter)           Turns: 19689, Time: 02:20:44

Health: -13/111    AC: 13    Str: 17    XL:     13   Next: 82%
Magic:  10/32      EV: 11    Int: 19    God:    Uskayaw [******]
Gold:   1414       SH:  0    Dex: 24    Spells: 6/26 levels left

rFire   x . .      SeeInvis +     - Unarmed
rCold   + + +      Faith    .   (shield currently unavailable)
rNeg    + . .      Spirit   .   (helmet currently unavailable)
rPois   +          Reflect  .   Y - amulet of regeneration
rElec   .          Harm     .   g - +6 ring of strength
rCorr   +          Rampage  .   h - +6 ring of dexterity
Will    .....                   q - +6 ring of dexterity
Stlth   +++++.....              w - ring of resist corrosion
HPRegen 1.08/turn               G - ring of see invisible
MPRegen 0.23/turn               K - ring of magical power
                                L - ring of positive energy
                                M - +4 ring of protection

@: lethally poisoned (-13 -> -22), about to teleport, ice-form, wereblooded,
vertiginous, freezing walls
A: freezing attack, boosted hp, almost no armour, amphibious, 8 rings, large,
(camouflage 1), (gelatinous body 1), (nimble swimmer 1), (tentacles)
a: End Transformation, Renounce Religion, Stomp, Line Pass, Grand Finale


You were on level 2 of the Orcish Mines.
You worshipped Uskayaw.
Uskayaw was noncommittal.
You were a creature of crystalline ice.
You visited 4 branches of the dungeon, and saw 17 of its levels.

You collected 1414 gold pieces.

Inventory:

Hand Weapons
 a - a +2 vampiric hand axe (melded)
 V - a +1 dagger of draining
 W - a +1 hand axe of flaming
Missiles
 j - 68 stones
 s - 24 boomerangs
 y - 36 poisoned darts
 U - 3 silver boomerangs
 X - 10 curare-tipped darts
Jewellery
 g - a +6 ring of strength (left front paw)
 h - a +6 ring of dexterity (right front paw)
 q - a +6 ring of dexterity (on tentacle)
 w - a ring of resist corrosion (on tentacle)
 G - a ring of see invisible (on tentacle)
 K - a ring of magical power (on tentacle)
 L - a ring of positive energy (on tentacle)
 M - a +4 ring of protection (on tentacle)
 O - a ring of positive energy
 P - a ring of flight
 R - a ring of protection from cold
 Y - an amulet of regeneration (around neck)
Wands
 n - a wand of flame (13)
 r - a wand of iceblast (5)
 B - a wand of digging (5)
 T - a wand of paralysis (4)
Scrolls
 b - a scroll of silence {unknown}
 d - a scroll of torment {unknown}
 i - 5 scrolls of magic mapping
 l - 3 scrolls of immolation
 m - 5 scrolls of amnesia
 u - 2 scrolls of fear
 v - 5 scrolls of vulnerability
 x - 6 scrolls of teleportation
 z - a scroll of noise {unknown}
 C - 2 scrolls of summoning
 E - 2 scrolls of blinking
 I - 3 scrolls of enchant weapon {unknown}
 N - a scroll of brand weapon {unknown}
 Q - a scroll of poison {unknown}
Potions
 c - a potion of brilliance {unknown}
 e - 3 potions of cancellation {unknown}
 f - a potion of lignification
 k - 2 potions of flight {unknown}
 o - 3 potions of haste
 p - 2 potions of ambrosia {unknown}
 t - a potion of invisibility {unknown}
 A - 3 potions of curing
 D - a potion of might {unknown}
 F - a potion of berserk rage {unknown}
 H - 2 potions of heal wounds {unknown}
 J - 2 potions of attraction {unknown}
 S - 3 potions of mutation {unknown}
 Z - a potion of resistance {unknown}


   Skills:
 * Level 10.4 Fighting
 + Level 7.8 Dodging
 - Level 10.0 Stealth
 * Level 10.0 Unarmed Combat
 + Level 7.0 Spellcasting
 * Level 10.3 Transmutations
 - Level 6.0 Ice Magic
 + Level 2.9 Poison Magic
 + Level 7.2 Invocations
 - Level 4.0 Evocations


You had 6 spell levels left.
You knew the following spells:

 Your Spells              Type           Power      Damage    Failure   Level
h - Ensorcelled Hibernat  Hex/Ice        36%        N/A       10%         2
t - Frozen Ramparts       Ice            58%        1d9       7%          3
A - Beastly Appendage     Tmut           90%        N/A       1%          1
L - Alistair's Intoxicat  Tmut/Pois      20%        N/A       32%         5
O - Ice Form              Ice/Tmut       37%        N/A       9%          4
P - Spider Form           Tmut/Pois      31%        N/A       5%          3
W - Wereblood             Tmut           45%        N/A       1%          2

Your spell library contained the following spells:

 Spells                   Type           Power      Damage    Failure   Level
 Freeze                   Ice            100%       1d11      3%          1
 Blade Hands              Tmut           22%        N/A       10%         5
 Apportation              Tloc           12%        N/A       19%         1
 Summon Small Mammal      Summ           24%        N/A       19%         1
 Scorch                   Fire           12%        2d6       28%         2
 Static Discharge         Conj/Air       6%         3-4/arc   28%         2
 Sublimation of Blood     Necr           6%         N/A       28%         2
 Hailstorm                Conj/Ice       18%        3d6       43%         4
 Call Canine Familiar     Summ           6%         N/A       45%         3
 Dazzling Flash           Conj/Hex       12%        N/A       45%         3
 Summon Guardian Golem    Hex/Summ       6%         N/A       45%         3
 Corpse Rot               Necr/Pois/Air  10%        N/A       71%         4
 Airstrike                Air            3%         2d(1-17)  82%         4
 Anguish                  Hex/Necr       3%         N/A       82%         4
 Dispel Undead            Necr           6%         3d8       82%         4
 Flame Wave               Conj/Fire      6%         2d5       82%         4
 Summon Lightning Spire   Summ/Air       6%         N/A       82%         4
 Agony                    Necr           6%         N/A       98%         5
 Lightning Bolt           Conj/Air       3%         1d14      98%         5
 Silence                  Hex/Air        3%         N/A       98%         5
 Death Channel            Necr           3%         N/A       100%        6
 Iron Shot                Conj/Erth      3%         9d2       100%        6
 Summon Cactus Giant      Summ           3%         N/A       100%        6
 Summon Hydra             Summ           3%         N/A       100%        7
 Maxwell's Capacitive Co  Air            3%         ∞         100%        8
 Animate Armour           Summ/Erth      Unusable   N/A       N/A         4

Dungeon Overview and Level Annotations

Branches:
Dungeon (10/15) Zot: 24303  Temple (1/1) D:4 Zot: 5688    Lair (4/5) D:10 Zot: 18293
  Swamp (0/4) Lair:3        Snake (0/4) Lair:2        Slime (0/5) Lair:4
    Orc (2/2) D:10 Zot: 10975
    Elf: Orc:2

Altars:
Ashenzari
Cheibriados
Dithmenos
Elyvilon
Fedhas
Gozag
Hepliaklqana
Kikubaaqudgha
Makhleb
Nemelex Xobeh
Okawaru
Qazlal
Ru
Sif Muna
Trog
Uskayaw
Vehumet
Wu Jian
Xom
Yredelemnul
Zin
The Shining One
Jiyva

Annotations:
D:9 exclusion: 2 downstairs


Innate Abilities, Weirdness & Mutations

You are a creature of crystalline ice.
You have a powerful freezing melee attack.
Your maximum health is increased.
Your armour is entirely melded.
You are incapable of wielding weapons or throwing items.
You cannot wear most types of armour.
You are amphibious.
You can wear up to eight rings at the same time.
((Your skin changes colour to match your surroundings (Stealth+).))
((Your rubbery body absorbs attacks. (AC +1, EV +1)))
((You are camouflaged when in or above water. (Stealth+)))
((You have tentacles for arms and can constrict up to eight enemies at once.))


Message History

* * * LOW HITPOINT WARNING * * *
The orc warrior says, "I'm a little confused."
An orc comes into view. It is wielding a +0 club.
The ufetubus resists.
The wall freezes the ufetubus.
The ufetubus hits you.
* * * LOW HITPOINT WARNING * * *
The ufetubus misses you.
The wall freezes the sixfirhy.
The sixfirhy completely misses you.
The orc knight hits the orc warrior with a +0 war axe.
The orc knight hits itself with a +0 war axe!
Unknown command.
As you read the scroll of teleportation, it crumbles to dust.
You feel strangely unstable.
You feel very sick.
You hear a shout!
The wall freezes the sixfirhy but does no damage.
The sixfirhy hits you.
* * * LOW HITPOINT WARNING * * *
The sixfirhy shocks you!
* * * LOW HITPOINT WARNING * * *
The wall freezes the sixfirhy. x3; The ufetubus resists.
The wall freezes the ufetubus.
The ufetubus completely resists.
The wall freezes the ufetubus but does no damage.
The ufetubus hits you but does no damage.
The ufetubus closely misses you.
The wall freezes the orc warrior but does no damage.
The orc warrior misses you.
The orc knight chortles and stares into space.
The orc knight hits the orc warrior with a +0 war axe.
The orc warrior hits the orc with a +0 long sword!
The orc is killed!
The wall freezes the sixfirhy but does no damage.
The wall freezes the orc sorcerer but does no damage.
The wall freezes the orc priest.
The orc priest hits the orc with a +0 club.
The orc high priest hits you from afar with a +2 trident of venom!!
* * * LOW HITPOINT WARNING * * *
The orc warrior laughs at nothing.
The wall freezes the orc warrior.
The orc warrior hits you with a +0 trident!!
You die...

## ### .## #### ####
..### . ..####..####..##
....#..
oo.##.....#....##.......
<[##....)...5.55#.......
...o..o.....o3ooY)......
...o.(........43#o......
...(.........5oo.o#o....
.....o.......o)o.oo...#.
......)...o.oooo.oCo....
.....o[[......)o........
.............).o.oo.....
...........o..[o.).....
.[.....................


You could see 2 orc knights, an orc high priest (strong, very poisoned), an
orange demon (summoned), a cyclops, a sixfirhy (summoned), a ynoxinul
(summoned), an orc sorcerer (strong), 7 orc warriors, 5 orc priests, 3 orc
wizards, 6 orcs and 4 ufetubi.

Vanquished Creatures
  A boulder beetle (Lair:4)
  4 hydras
  2 orc high priests (Orc:2)
  Amaemon (Lair:2)
  Sonja (Orc:2)
  2 bog bodies (Lair:3)
  2 orc knights
  Pikel (D:7)
  3 orc sorcerers (Orc:2)
  2 black mambas (Lair:2)
  An elephant (D:10)
  A cyclops (Orc:2)
  An orange demon (Lair:2)
  Maggie (Lair:2)
  6 cane toads
  3 komodo dragons
  A rime drake (Lair:4)
  2 trolls
  A hornet (Lair:4)
  Prince Ribbit (D:5)
  2 polar bears
  17 blink frogs
  4 dream sheep (Lair:2)
  A shadow (D:10)
  Sigmund (D:5)
  A wraith (D:8)
  3 wyverns
  5 basilisks
  34 yaks
  2 steam dragons
  Edmund (D:5)
  3 wargs
  4 nagas (Lair:2)
  13 water moccasins
  25 orc warriors
  An ice beast (D:8)
  A sky beast (D:5)
  7 ogres
  4 black bears
  4 wolves (Lair:3)
  4 centaurs
  A phantom (D:7)
  2 lemures (D:7)
  A kobold brigand (D:9)
  17 bullfrogs
  A necrophage (D:6)
  14 wights
  3 howler monkeys
  3 hounds
  A gnoll bouda (Lair:3)
  19 orc priests
  A jelly (D:6)
  2 iguanas
  17 orc wizards
  9 gnolls
  9 adders
  A white imp (D:6)
  An ufetubus (D:4)
  A worm (D:2)
  11 dart slugs
  111 orcs
  8 bats
  15 endoplasms
  2 giant cockroaches
  8 goblins
  3 hobgoblins
  3 jackals (D:5)
  13 kobolds
  A quokka (D:2)
  8 ball pythons
  2 frilled lizards (D:1)
  8 rats
470 creatures vanquished.

Vanquished Creatures (others)
  26 fungi
  22 plants
  6 toadstools (D:10)
54 creatures vanquished.

Grand Total: 524 creatures vanquished

Notes
Turn   | Place    | Note
-------+----------+-------------------------------------------
     0 | D:1      | jagoly the Octopode Transmuter began the quest for the Orb.
     0 | D:1      | Reached XP level 1. HP: 13/13 MP: 3/3
   318 | D:1      | Reached XP level 2. HP: 18/18 MP: 3/5
   396 | D:1      | Reached skill level 1 in Poison Magic
   726 | D:1      | Reached skill level 1 in Stealth
   870 | D:1      | Learned a level 2 spell: Wereblood
  1083 | D:2      | Reached XP level 3. HP: 23/23 MP: 6/6
  1249 | D:2      | Reached XP level 4. HP: 24/28 MP: 7/7
  1904 | D:2      | Learned a level 3 spell: Spider Form
  2118 | D:3      | Reached skill level 1 in Ice Magic
  2118 | D:3      | Reached XP level 5. HP: 26/34 MP: 8/8
  2775 | D:4      | Noticed a water moccasin
  2789 | D:4      | Found a staircase to the Ecumenical Temple.
  2818 | Temple   | Entered the Ecumenical Temple
  3111 | Temple   | Became a worshipper of Uskayaw the Reveller
  3244 | D:4      | Reached * piety under Uskayaw
  3248 | D:4      | Reached XP level 6. HP: 36/40 MP: 9/9
  3248 | D:4      | Reached ** piety under Uskayaw
  3251 | D:4      | Reached *** piety under Uskayaw
  3274 | D:4      | Noticed a black bear
  3290 | D:4      | Killed a black bear
  3502 | D:5      | Entered Level 5 of the Dungeon
  3502 | D:5      | Noticed Prince Ribbit
  3538 | D:5      | HP: 1/41 [dart slug/slug dart (5)]
  3824 | D:5      | Noticed a sky beast
  3836 | D:5      | Killed a sky beast
  3837 | D:5      | Reached XP level 7. HP: 9/46 MP: 11/11
  4329 | D:5      | Noticed Edmund
  4348 | D:5      | Killed Edmund
  4690 | D:5      | Identified the +0 robe "Peiw" {rN+ Will+}
  4826 | D:5      | Reached XP level 8. HP: 30/54 MP: 8/13
  4987 | D:5      | Learned a level 4 spell: Ice Form
  4991 | D:5      | Learned a level 3 spell: Frozen Ramparts
  5066 | D:5      | Noticed Sigmund
  5082 | D:5      | Killed Sigmund
  5834 | D:4      | Found a glowing golden altar of the Shining One.
  5837 | D:4      | Found a basalt altar of Yredelemnul.
  5841 | D:4      | Found a white marble altar of Elyvilon.
  5983 | D:5      | Killed Prince Ribbit
  6074 | D:6      | Reached skill level 5 in Stealth
  6105 | D:6      | Found a bloodstained altar of Trog.
  6172 | D:6      | Reached skill level 5 in Fighting
  6172 | D:6      | Reached XP level 9. HP: 52/61 MP: 14/14
  6274 | D:6      | Found a snail-covered altar of Cheibriados.
  6278 | D:6      | Found an ornate altar of the Wu Jian Council.
  6515 | D:6      | Found a white marble altar of Elyvilon.
  7010 | D:6      | Learned a level 2 spell: Ensorcelled Hibernation
  7130 | D:7      | Reached skill level 5 in Transmutations
  7211 | D:7      | Reached skill level 5 in Unarmed Combat
  7211 | D:7      | Reached skill level 1 in Invocations
  7474 | D:7      | Reached skill level 5 in Ice Magic
  7574 | D:7      | Found a shadowy altar of Dithmenos.
  8088 | D:7      | Noticed Pikel
  8098 | D:7      | Reached **** piety under Uskayaw
  8101 | D:7      | Reached ***** piety under Uskayaw
  8103 | D:7      | Killed Pikel
  8104 | D:7      | Reached skill level 1 in Evocations
  8854 | D:8      | Reached XP level 10. HP: 68/68 MP: 16/16
  9140 | D:8      | Reached ****** piety under Uskayaw
  9408 | D:9      | Reached skill level 5 in Dodging
 10297 | D:10     | Entered Level 10 of the Dungeon
 10376 | D:10     | Noticed an elephant
 11038 | D:10     | Noticed a two-headed ogre
 11038 | D:10     | Noticed an orc knight
 11261 | D:10     | Found a staircase to the Lair.
 11288 | D:10     | Killed an elephant
 11289 | D:10     | Reached skill level 5 in Spellcasting
 11289 | D:10     | Reached XP level 11. HP: 28/75 MP: 11/18
 11569 | D:10     | Found a staircase to the Orcish Mines.
 11948 | D:10     | Identified the +2 pair of boots of Xaungibab {Str+7}
 12596 | Lair:1   | Entered Level 1 of the Lair of Beasts
 12725 | Lair:1   | Noticed a five-headed hydra
 12745 | Lair:1   | Killed a five-headed hydra
 13245 | Lair:1   | HP: 3/76 [blink frog (15)]
 13288 | Lair:1   | Noticed a four-headed hydra
 13579 | Lair:1   | Reached skill level 5 in Invocations
 14350 | Lair:1   | Killed a four-headed hydra
 14351 | Lair:1   | Reached XP level 12. HP: 83/83 MP: 20/20
 15220 | Lair:2   | Found a staircase to the Snake Pit.
 15287 | Lair:2   | Noticed Amaemon
 15298 | Lair:2   | Killed Amaemon
 15612 | Lair:2   | Noticed a six-headed hydra
 15623 | Lair:2   | Killed a six-headed hydra
 16063 | Lair:2   | Noticed Maggie
 16080 | Lair:2   | Killed Maggie
 16474 | Lair:3   | Found a staircase to the Swamp.
 16742 | Lair:3   | Identified the +4 ring mail of the Solstice {rPois Slay+3}
 17025 | Lair:3   | Reached XP level 13. HP: 85/90 MP: 22/22
 18050 | Lair:4   | Reached skill level 10 in Stealth
 18353 | Lair:4   | Found a viscous altar of Jiyva.
 18353 | Lair:4   | Found a staircase to the Slime Pits.
 18525 | D:10     | Learned a level 5 spell: Alistair's Intoxication
 18670 | Orc:1    | Entered Level 1 of the Orcish Mines
 18715 | Orc:1    | Reached skill level 10 in Fighting
 18832 | Orc:1    | HP: 3/92 [orc knight/+1 long sword of holy wrath (22)]
 18866 | Orc:1    | Reached skill level 10 in Transmutations
 19086 | Orc:2    | Entered Level 2 of the Orcish Mines
 19197 | Orc:2    | HP: 4/92 [orc sorcerer/+2 dagger of holy wrath (6)]
 19298 | Orc:2    | Noticed Sonja
 19305 | Orc:2    | Killed Sonja
 19445 | Orc:2    | Noticed an orc warlord
 19684 | Orc:2    | Reached skill level 10 in Unarmed Combat
 19689 | Orc:2    | Mangled by an orc warrior

Illustrated notes

Levels and vault maps discovered:
D:1:      dpeg_arrival_boxorama, layout_loops_corners
D:2:      kennysheep_big_flooded_room, layout_loops_ring
D:3:      layout_loops_cross, minmay_box_of_dots
D:4:      minmay_angry_zag, layout_cave_pools, grunt_temple_overflow_diamond,
          minmay_temple_entry_trees
D:5:      kennysheep_slugbush, layout_loops_cross, uniq_edmund, uniq_sigmund,
          uniq_prince_ribbit1
D:6:      layout_cave_pods, mainiacjoe_overflow_catch_the_wave,
          hangedman_feature_mirror, chequers_decorated_corner
D:7:      layout_basic, grunt_dithmenos_shadows, uniq_pikel
D:8:      layout_cave_pools, special_room [special_room_orc],
          mrwooster_statue_mirror
D:9:      layout_roguey, library_closet, hangedman_decor_peaks_small
D:10:     layout_basic, david_lair_generic, david_orc_5,
          minmay_gold_behind_fungi
Temple:   nicolae_temple_bog_church
Lair:1:   layout_regular_city, grunt_megastairs_4
Lair:2:   layout_concentric_octagons, guppyfry_snake_entry_island,
          serial_bayou_shore_a, uniq_amaemon, uniq_maggie
Lair:3:   layout_regular_city, skrybe_swamp_entry_bodies,
          dreamdust_gnoll_shepherd
Lair:4:   layout_regular_city, dpeg_slime_entry_enclosed,
          chequers_serial_rivers_small_b
Orc:1:    layout_caves
Orc:2:    st_orc_congregation, layout_caves, nicolae_orc_lost_temple, uniq_sonja

Skill      XL: |  1  2  3  4  5  6  7  8  9 10 11 12 13 |
---------------+----------------------------------------+-----
Poison Magic   | 1 2 |  2.9
Stealth        | 1 2 3 4 5 6 7 8 9 10 | 10.0
Ice Magic      | 1 2 3 4 5 6 |  6.0
Fighting       | 2 3 5 7 8 9 10 | 10.4
Dodging        | 3 4 5 6 7 |  7.8
Transmutations | 3 4 5 6 8 9 10 | 10.3
Spellcasting   | 3 4 5 6 7 |  7.0
Unarmed Combat | 4 5 6 7 9 10 | 10.0
Invocations    | 2 4 5 6 7 |  7.2
Evocations     | 1 2 3 4 |  4.0

Action                   |  1- 3 |  4- 6 |  7- 9 | 10-12 | 13-15 || total
-------------------------+-------+-------+-------+-------+-------++-------
Melee: Unarmed           |     5 |       |    65 |   219 |    80 ||   369
       Hand axe          |    48 |   101 |   109 |   183 |    39 ||   480
       Kick              |    14 |    24 |    41 |    75 |    12 ||   166
       Constrict         |    10 |    24 |    34 |    63 |    10 ||   141
       Tentacles         |     3 |    18 |    19 |    63 |    15 ||   118
       Punch             |       |     2 |     1 |     9 |     4 ||    16
Throw: Dart              |       |     4 |     3 |     6 |    27 ||    40
       Stone             |       |       |       |    21 |     6 ||    27
 Cast: Beastly Appendage |    12 |    20 |    23 |    33 |     7 ||    95
       Wereblood         |       |    10 |    10 |    13 |     4 ||    37
       Spider Form       |       |       |     9 |     8 |     5 ||    22
       Frozen Ramparts   |       |       |     9 |    56 |    24 ||    89
       Ice Form          |       |       |     5 |    29 |    11 ||    45
       Ensorcelled Hiber |       |       |       |     3 |     3 ||     6
       Alistair's Intoxi |       |       |       |       |    10 ||    10
Invok: Stomp             |       |       |     3 |     6 |    11 ||    20
       Line Pass         |       |       |     2 |     2 |       ||     4
 Abil: End Transformatio |       |       |       |     1 |     1 ||     2
Evoke: Wand              |       |       |     1 |    56 |    27 ||    84
  Use: Scroll            |       |       |     4 |     6 |     4 ||    14
       Potion            |       |       |     2 |     3 |     1 ||     6
 Stab: Sleeping          |    10 |    10 |    17 |    10 |     5 ||    52
       Distracted        |       |     1 |     1 |       |     1 ||     3
       Paralysed         |       |     1 |     5 |    23 |     2 ||    31
       Confused          |       |       |     1 |       |     1 ||     2
Armor: Skin              |       |     6 |    43 |    54 |    19 ||   122
Dodge: Dodged            |    33 |   113 |   114 |   263 |   119 ||   642
